[Event "NK 2022"]
[Site "Groningen, Netherlands"]
[Date "2022.12.21"]
[Round "1.1"]
[White "Warmerdam, Max"]
[Black "De Winter, Arthur"]
[Result "1-0"]
[TimeControl "40/90; 30 minutes + increment 30 seconds from start"]
[WhiteTitle "GM"]
[BlackTitle "FM"]
[WhiteFideId "1048104"]
[BlackFideId "1069020"]
[WhiteElo "2619"]
[BlackElo "2368"]

1. e4 c5 2. c3 Nf6 3. e5 Nd5 4. Nf3 Nc6 5. Bc4 Nb6 6. Bb3 c4 7. Bc2 d5 8. exd6 Qxd6 9. O-O Bg4 10.
h3 Bh5 11. Re1 O-O-O 12. b3 Qf6 13. Na3 cxb3 14. Be4 bxa2 15. d4 Bxf3 16. Bxf3 e5 17. d5 Bc5 18. Rxa2 Ne7 19. c4 Nf5 20.
Be4 h5 21. Bxf5+ Qxf5 22. Be3 Nd7 23. Qb3 Qg6 24. Rb1 Qb6 25. Nb5 Bxe3 26. fxe3 Nc5 27. Nxa7+ Qxa7 28. Rxa7 Nxb3 29. Rxb3 1-0

[Event "NK 2022"]
[Site "Groningen, Netherlands"]
[Date "2022.12.21"]
[Round "1.2"]
[White "Timmermans, Mark"]
[Black "L'Ami, Erwin"]
[Result "0-1"]
[TimeControl "40/90; 30 minutes + increment 30 seconds from start"]
[WhiteTitle "IM"]
[BlackTitle "GM"]
[WhiteFideId "1026399"]
[BlackFideId "1007998"]
[WhiteElo "2391"]
[BlackElo "2627"]

1. e4 e5 2. Nf3 Nc6 3. d4 exd4 4. Bc4 Nf6 5. e5 Ne4 6. Qe2 Nc5 7. O-O Ne6 8. Bxe6 dxe6 9. Rd1 Be7 10.
Be3 O-O 11. Nc3 Bd7 12. Bxd4 Nxd4 13. Nxd4 Qe8 14. Ndb5 Qc8 15. a4 Rd8 16. Ne4 a6 17. Nbc3 Bc6 18. Qg4 Rxd1+ 19. Rxd1 Qf8 20. Rd3 Rd8 21. Rh3 Kh8 22.
Ng5 h6 23. Qf4 Kg8 24. Nge4 Rd7 25. Rg3 Kh8 26. Kf1 b5 27. axb5 axb5 28. Rd3 b4 29. Rxd7 Bxd7 30. Nd1 Qa8 31.
f3 Kg8 32. Qe3 Bc6 33. Nd2 Bd5 34. Ke1 Qa5 35. g3 Bc5 36. Qd3 Ba7 37. c4 Bc6 38. Qd8+ Kh7 39. Qd3+ g6 40. f4 Qc5 41.
Qd8 Bb6 42. Nf1 Qxc4 43. Qe7 Kg7 44. Nfe3 Qe4 45. Kd2 Bxe3+ 46. Nxe3 Qd4+ 47. Ke2 Qxb2+ 48. Ke1 Qc3+ 49. Ke2 Bb5+ 50.
Kf3 Qd2 0-1

[Event "NK 2022"]
[Site "Groningen, Netherlands"]
[Date "2022.12.21"]
[Round "1.3"]
[White "Van den Doel, Erik"]
[Black "Lai, Hing Ting"]
[Result "1-0"]
[TimeControl "40/90; 30 minutes + increment 30 seconds from start"]
[WhiteTitle "GM"]
[BlackTitle "IM"]
[WhiteFideId "1003720"]
[BlackFideId "1038257"]
[WhiteElo "2582"]
[BlackElo "2486"]

1. e4 c6 2. d4 d5 3. exd5 cxd5 4. Bd3 Nc6 5. c3 Qc7 6. Na3 a6 7. Nc2 Nf6 8. h3 e6 9. Nf3 Bd6 10.
O-O O-O 11. Re1 Bf4 12. Bxf4 Qxf4 13. Qe2 Bd7 14. Ne5 Rac8 15. Rad1 Ne7 16. Ne3 Ng6 17. g3 Qh6 18. h4 Nxe5 19. dxe5 Ne8 20. Bb1 Bb5 21. Qf3 f5 22. exf6 Qxf6 23.
Qxf6 gxf6 24. f4 f5 25. g4 fxg4 26. f5 Ng7 27. fxe6 Rce8 28. Nxg4 Rxe6 29. Rxe6 Nxe6 30. Nh6+ Kh8 31.
Nf5 Bc6 32. Nd4 Bd7 33. Nxe6 Bxe6 34. Re1 Rf6 35. Rf1 Rh6 36. Rf4 Kg7 37. Kf2 Rh5 38. Bd3 Re5 39. Rb4 Bc8 40. a4 Re7 41. Rb6 Be6 42. Kf3 Bd7 43. a5 Be8 44. Rd6 Re5 45. Kf4 Rh5 46.
Kg4 Re5 47. b4 Kf8 48. Bxh7 Re3 49. Rxd5 Rxc3 50. Rd4 Rc7 51. Bf5 Kg7 52. Kg5 Rc6 53. Rd8 Bf7 54. h5 b6 55. b5 1-0

[Event "NK 2022"]
[Site "Groningen, Netherlands"]
[Date "2022.12.21"]
[Round "1.4"]
[White "Ernst, Sipke"]
[Black "Van Foreest, Lucas"]
[Result "1/2-1/2"]
[TimeControl "40/90; 30 minutes + increment 30 seconds from start"]
[WhiteTitle "GM"]
[BlackTitle "GM"]
[WhiteFideId "1004689"]
[BlackFideId "1039792"]
[WhiteElo "2512"]
[BlackElo "2577"]

1. Nf3 d5 2. g3 b6 3. Bg2 Bb7 4. b3 e6 5. Bb2 Nf6 6. O-O Be7 7. c4 dxc4 8. bxc4 O-O 9. e3 c5 10.
Qe2 Ne8 11. Nc3 Nd7 12. Rfd1 a6 13. a4 Qc7 14. h4 Rb8 15. d3 Bf6 16. Rac1 Nd6 17. e4 Nc8 18. Nb1 Bxb2 19. Qxb2 Ne7 20.
Nc3 Nc6 21. Ne2 Rfd8 22. Ra1 Nde5 23. Nxe5 Nxe5 24. a5 bxa5 25. Qa3 Qe7 26. d4 Nxc4 27. Qc3 Nd6 28. Qxc5 Rbc8 29. Qa3 Qd7 30.
d5 Nc4 31. Qa2 exd5 32. exd5 a4 33. Nf4 Qe7 34. Re1 Qd6 35. Rab1 Ba8 36. Bh3 Rc5 37. Qxa4 Ne5 38. Bg2 Rc4 39.
Qa5 Rc5 40. Qa4 Rc4 41. Qa5 Rc5 42. Qb6 Nc4 43. Qxd6 Nxd6 44. Rb6 Kf8 45. Rxa6 Bb7 46. Ra7 Rb5 47. Bf1 Rb6 48. Raa1 g6 49.
Rac1 h6 50. Bg2 Ne8 51. Rb1 Rxb1 52. Rxb1 Ba8 53. Rd1 Nf6 54. Rd4 Rd7 55. Ra4 1/2-1/2

[Event "NK 2022"]
[Site "Groningen, Netherlands"]
[Date "2022.12.21"]
[Round "1.5"]
[White "Reinderman, Dimitri"]
[Black "Swinkels, Robin"]
[Result "1/2-1/2"]
[TimeControl "40/90; 30 minutes + increment 30 seconds from start"]
[WhiteTitle "GM"]
[BlackTitle "GM"]
[WhiteFideId "1001302"]
[BlackFideId "1010824"]
[WhiteElo "2575"]
[BlackElo "2514"]

1. c4 e6 2. g3 d5 3. Bg2 Nf6 4. Nf3 dxc4 5. Qa4+ Nbd7 6. Qxc4 a6 7. Qc2 c5 8. a4 b6 9. d3 Bb7 10.
O-O Be7 11. e4 O-O 12. Bf4 Nb8 13. Na3 Nc6 14. Rfd1 Nh5 15. Be3 Nd4 16. Bxd4 cxd4 17. Qc4 Rc8 18. Qxd4 Qxd4 19. Nxd4 Bf6 20.
Ndc2 Bc6 21. Nc4 b5 22.
axb5 axb5 23. N4e3 Bxb2 24. Rab1 Bc3 25. d4 Nf6 26. e5 Ne4 27. d5 exd5 28. Nxd5 Bxd5 29. Rxd5 Nc5 30. Nb4 Ne6 31.
Rxb5 Rb8 32. Nd5 Bxe5 33. Ne7+ Kh8 34. Nc6 Rxb5 35. Rxb5 Bf6 36. Rb7 Nd8 37. Nxd8 Bxd8 38. Bd5 f5 39. Kg2 Bf6 40. h4 f4 41.
h5 fxg3 42. fxg3 g6 43. hxg6 hxg6 44. Be4 g5 45. Bb1 Bd4 46. Kh3 Rf6 47. Rd7 Be3 48. Ba2 Ra6 49. Bb3 Rb6 50. Bc4 Rc6 51.
Bd5 Rh6+ 52. Kg4 Rf6 53. Kh5 Bc1 54. Rc7 Be3 55. Re7 Bd2 56. Rd7 Bc1 57. Rc7 1/2-1/2

[Event "NK 2022"]
[Site "Groningen, Netherlands"]
[Date "2022.12.21"]
[Round "1.6"]
[White "Beerdsen, Thomas"]
[Black "Tiviakov, Sergei"]
[Result "0-1"]
[TimeControl "40/90; 30 minutes + increment 30 seconds from start"]
[WhiteTitle "IM"]
[BlackTitle "GM"]
[WhiteFideId "1030108"]
[BlackFideId "1008013"]
[WhiteElo "2521"]
[BlackElo "2562"]

1. e4 e6 2. d4 d5 3. Nc3 dxe4 4. Nxe4 Bd7 5. Nf3 Bc6 6. Neg5 Nd7 7. Nxf7 Kxf7 8. Ng5+ Ke8 9. Bc4 Bxg2 10.
Rg1 Bd5 11. Nxe6 Bxe6 12. Bxe6 Bb4+ 13. c3 Qe7 14. Qe2 Bd6 15. Bg5 Ngf6 16. O-O-O Kd8 17. Rde1 h6 18. Bd2 Nf8 19. Qc4 Nxe6 20.
Rxe6 Qd7 21. Qb3 b6 22. Rge1 Re8 23. Rxe8+ Nxe8 24. Qg8 Rc8 25. Re3 c6 26. Rf3 Rc7 27. h3 Qe7 28. c4 Rd7 29.
a3 Bc7 30. Bb4 Qe4 31. Qf8 a5 32. Bd2 Qxd4 33. Re3 Qxc4+ 0-1

[Event "NK 2022"]
[Site "Groningen, Netherlands"]
[Date "2022.12.21"]
[Round "1.7"]
[White "Pruijssers, Roeland"]
[Black "Burg, Twan"]
[Result "1/2-1/2"]
[TimeControl "40/90; 30 minutes + increment 30 seconds from start"]
[WhiteTitle "GM"]
[BlackTitle "GM"]
[WhiteFideId "1013068"]
[BlackFideId "1010697"]
[WhiteElo "2538"]
[BlackElo "2522"]

1. d4 Nf6 2. c4 e6 3. Nc3 Bb4 4. a3 Bxc3+ 5. bxc3 O-O 6. Bg5 h6 7. Bh4 d6 8. Nf3 g5 9. Bg3 Nh5 10.
e4 f5 11. Nd2 g4 12. f3 Nxg3 13. hxg3 Qg5 14. f4 Qg7 15. Bd3 c5 16. Nb3 Nc6 17. dxc5 dxc5 18. e5 b6 19. Qe2 Bd7 20.
Kf2 Rfd8 21. Nd2 Be8 22. Nf1 Bg6 23. Ne3 Na5 24. Bc2 h5 25. Ba4 Qc7 26. Rad1 Rxd1 27. Rxd1 Rd8 28. Rd3 Nb7 29.
Qd1 Rxd3 30. Qxd3 Qd8 31. Ke2 Qxd3+ 32. Kxd3 Kf8 33. Bb5 Bf7 34. Nc2 Ke7 35. Ne3 Na5 36. Nc2 Nb7 37. Ne3 Na5 38.
Nc2 1/2-1/2

[Event "NK 2022"]
[Site "Groningen, Netherlands"]
[Date "2022.12.21"]
[Round "1.8"]
[White "Kevlishvili, Robby"]
[Black "Ten Hertog, Hugo"]
[Result "1/2-1/2"]
[TimeControl "40/90; 30 minutes + increment 30 seconds from start"]
[WhiteTitle "GM"]
[BlackTitle "GM"]
[WhiteFideId "1040634"]
[BlackFideId "1026356"]
[WhiteElo "2530"]
[BlackElo "2531"]

1. e4 c6 2. Nf3 d5 3. Nc3 dxe4 4. Nxe4 Nf6 5. Qe2 Nxe4 6. Qxe4 Be6 7. b3 Nd7 8. Bb2 Nf6 9. Qh4 Bf5 10.
Ne5 e6 11. Bd3 Bxd3 12. Nxd3 Qd5 13. f3 Be7 14. O-O-O a5 15. a4 b5 16. Rhe1 bxa4 17. Qxa4 Qb5 18. Ne5 Ra6 19. Nc4 O-O 20.
Bxf6 Bxf6 21. c3 Rd8 22. Re4 Qg5 23. Ne3 h5 24. h3 Rb6 25. Kc2 Rb5 26. g4 Rc5 27. f4 Qh4 28. g5 Be7 29.
g6 fxg6 30. Rxe6 Bf6 31. Qe4 Kf7 32. d4 Rb5 33. Qxc6 Rdb8 34. Nd5 Rxb3 35. Qd7+ Kf8 36. Rxf6+ Kg8 37. Rxg6 Qf2+ 38. Kd3 Qf3+ 39.
Kc4 Rxc3+ 40. Nxc3 Rb4+ 41. Kc5 Qxc3+ 42. Kd5 Qf3+ 43. Kc5 Qc3+ 44. Kd5 1/2-1/2

[Event "NK 2022"]
[Site "Groningen, Netherlands"]
[Date "2022.12.22"]
[Round "2.1"]
[White "De Winter, Arthur"]
[Black "Warmerdam, Max"]
[Result "0-1"]
[TimeControl "40/90; 30 minutes + increment 30 seconds from start"]
[WhiteTitle "FM"]
[BlackTitle "GM"]
[WhiteFideId "1069020"]
[BlackFideId "1048104"]
[WhiteElo "2368"]
[BlackElo "2619"]

1. e4 e5 2. Nf3 Nc6 3. Bc4 Nf6 4. d3 Bc5 5. O-O d6 6. c3 a6 7. Bg5 h6 8. Bh4 Ba7 9. Nbd2 g5 10.
Bg3 O-O 11. a4 Nh7 12. h3 Kg7 13. b4 f5 14. exf5 Bxf5 15. b5 axb5 16.
axb5 Ne7 17. d4 e4 18. Ne1 Nf6 19. Nc2 Bg6 20. Ne3 Bb6 21. Bb3 Qd7 22. Ndc4 Qxb5 23. Ba4 Qa6 24. Ra3 Ba5 25.
Qb1 b6 26. Bb5 Qb7 27. Qa1 Ned5 28. Nxa5 Rxa5 29. Rxa5 bxa5 30. Nxd5 Nxd5 31. c4 Nf4 32. d5+ Kh7 33. Bxf4 gxf4 34.
Qxa5 Qb6 35. Qxb6 cxb6 36. Ra1 Kg7 37. Kf1 Kf6 38. Ra7 Bf5 39. Rb7 Ra8 40. Rxb6 Ra1+ 41. Ke2 Ra2+ 42. Ke1 Ke5 43. c5 dxc5 44.
d6 Rb2 45. Rb8 Kxd6 46. Rf8 Ke5 47. Be2 Rb1+ 48. Kd2 Rb2+ 49. Ke1 e3 50. Re8+ Kd4 51. Rd8+ Ke5 52. Re8+ Kd4 53. Rd8+ Kc3 54.
fxe3 fxe3 55. Rd5 Rb1+ 56. Bd1 Bd3 57. Rxc5+ Kd4 58. Rc8 Bb5 59. Rd8+ Ke4 60. Rd6 e2 61. Re6+ Kf4 62. Rxe2 Bxe2 63.
Kxe2 Kg3 64. Kd2 Rb2+ 65. Ke3 Rxg2 66. Bg4 Ra2 67. Be6 Ra5 68. Ke4 h5 69. Bf5 h4 70. Bd7 Ra7 71. Bf5 Re7+ 72.
Kd3 Kf4 73. Bg4 Rg7 74. Bc8 Rg8 75. Be6 Rd8+ 76. Kc3 Kg3 77. Bg4 Kh2 78. Kc2 Kg2 79. Bf5 Rf8 80. Bd7 Rf7 81. Bg4 Rg7 82.
Bf5 Rg3 83. Kd2 Rxh3 0-1

[Event "NK 2022"]
[Site "Groningen, Netherlands"]
[Date "2022.12.22"]
[Round "2.2"]
[White "L'Ami, Erwin"]
[Black "Timmermans, Mark"]
[Result "1-0"]
[TimeControl "40/90; 30 minutes + increment 30 seconds from start"]
[WhiteTitle "GM"]
[BlackTitle "IM"]
[WhiteFideId "1007998"]
[BlackFideId "1026399"]
[WhiteElo "2627"]
[BlackElo "2391"]

1. d4 Nf6 2. c4 e6 3. Nc3 Bb4 4. e3 O-O 5. Bd3 Re8 6. a3 Bxc3+ 7. bxc3 d6 8. Ne2 b6 9. Ng3 Nc6 10.
O-O Ba6 11. e4 Na5 12. Bg5 h6 13. Bxf6 Qxf6 14. Qe2 e5 15. f4 Qg6 16. Rad1 Bc8 17. Qc2 Ba6 18. c5 Bxd3 19. Rxd3 d5 20.
dxe5 dxe4 21. Rd4 f5 22. exf6 Qxf6 23. f5 Qf7 24. f6 Nb3 25. Rd7 Qxd7 26. f7+ Qxf7 27. Rxf7 Kxf7 28. Qxb3+ Kf8 29. cxb6 axb6 30. Qb4+ Kg8 31.
Nxe4 Kh8 32. a4 Re5 33. h3 Rea5 34. Qe7 Rxa4 35. Ng3 R4a5 36. Qxc7 Rc5 37. Qb7 Rg8 38. Ne4 Rc4 39. Qd5 Rgc8 40.
Qb7 Rg8 41. Kh2 b5 42. Qe7 Rcc8 43. Qd7 Rc4 44. Qf5 Rb8 45. Nd6 Rxc3 46. Nf7+ Kg8 47. Nxh6+ Kh8 48. Nf7+ Kg8 49. Ng5 Rcc8 50.
Qf7+ Kh8 51. Ne6 1-0

[Event "NK 2022"]
[Site "Groningen, Netherlands"]
[Date "2022.12.22"]
[Round "2.3"]
[White "Lai, Hing Ting"]
[Black "Van den Doel, Erik"]
[Result "0-1"]
[TimeControl "40/90; 30 minutes + increment 30 seconds from start"]
[WhiteTitle "IM"]
[BlackTitle "GM"]
[WhiteFideId "1038257"]
[BlackFideId "1003720"]
[WhiteElo "2486"]
[BlackElo "2582"]

1. c4 c6 2. Nf3 d5 3. d4 Nf6 4. Nbd2 Bf5 5. Nh4 Be4 6. Qb3 Qc7 7. Nxe4 Nxe4 8. Nf3 e6 9. Nd2 Nf6 10.
g3 a5 11. a3 a4 12. Qc2 Qb6 13. cxd5 exd5 14. e3 Nbd7 15. Nb1 Be7 16. Bd3 O-O 17. O-O Rfe8 18. Bd2 g6 19. Nc3 Qa7 20.
Rac1 Bf8 21. Kg2 Nb6 22. f3 Nbd7 23. g4 b5 24. g5 Nh5 25. Ne2 Rac8 26. f4 Nb6 27. f5 Nc4 28. Bxc4 bxc4 29.
Nc3 Ng7 30. fxg6 hxg6 31. Kh1 Qd7 32. Rf2 Qh3 33. Rcf1 Nf5 34. Rf3 Qg4 35. Rf4 Qh5 36. Rxf5 gxf5 37. Qxf5 Rb8 38. Bc1 Bd6 39.
Rf2 Re6 40. Qf3 Qxf3+ 41. Rxf3 Kg7 42. h4 Rh8 43. Rh3 f6 44. Kg2 fxg5 45. hxg5 Rxh3 46. Kxh3 Re8 47. Kg4 Kg6 48. Nxa4 Rh8 49.
Bd2 Rh5 50. Nc5 Rxg5+ 51. Kf3 Rh5 52. Nb7 Rh2 53. Bc3 Bc7 54. a4 Rh3+ 55. Ke2 Rh8 56. Kf3 Rf8+ 57. Kg4 Ra8 58. Nc5 Bd6 59.
Nb7 Bc7 60. Nc5 Bd6 61. Nb7 Be7 62. a5 Kf6 63. Kf3 Ke6 64. Ke2 Ra7 65. Nc5+ Bxc5 66. dxc5 Rb7 67. Kd2 Rb5 68. Kc2 Kd7 0-1

[Event "NK 2022"]
[Site "Groningen, Netherlands"]
[Date "2022.12.22"]
[Round "2.4"]
[White "Van Foreest, Lucas"]
[Black "Ernst, Sipke"]
[Result "1/2-1/2"]
[TimeControl "40/90; 30 minutes + increment 30 seconds from start"]
[WhiteTitle "GM"]
[BlackTitle "GM"]
[WhiteFideId "1039792"]
[BlackFideId "1004689"]
[WhiteElo "2577"]
[BlackElo "2512"]

1. d4 Nf6 2. c4 e6 3. g3 c5 4. d5 exd5 5. cxd5 d6 6. Nc3 g6 7. Bg2 Bg7 8. Nf3 O-O 9. O-O Re8 10.
Bf4 Nh5 11. Bg5 Qd7 12. a4 Na6 13. e4 Nb4 14. Nd2 b6 15. Nc4 Ba6 16. Nb5 Bxb5 17. axb5 Bf8 18. f4 Qxb5 19. b3 Qd7 20.
g4 Ng7 21. f5 b5 22. Ne3 Rec8 23. f6 Ne8 24. Qd2 a5 25. Nf5 gxf5 26. Rxf5 Kh8 27. Raf1 c4 28. Bh6 Nxf6 29. Rxf6 Bxh6 30.
Qxh6 Qxg4 31. Rxf7 Qg6 32. Rf8+ Rxf8 33. Rxf8+ Rxf8 34. Qxf8+ Qg8 35. Qxd6 cxb3 36. Qf6+ Qg7 37. Qd8+ Qg8 38.
Qf6+ Qg7 39. Qd8+ Qg8 40. Qf6+ 1/2-1/2

[Event "NK 2022"]
[Site "Groningen, Netherlands"]
[Date "2022.12.22"]
[Round "2.5"]
[White "Swinkels, Robin"]
[Black "Reinderman, Dimitri"]
[Result "0-1"]
[TimeControl "40/90; 30 minutes + increment 30 seconds from start"]
[WhiteTitle "GM"]
[BlackTitle "GM"]
[WhiteFideId "1010824"]
[BlackFideId "1001302"]
[WhiteElo "2514"]
[BlackElo "2575"]

1. d4 Nf6 2. c4 c5 3. d5 e6 4. Nc3 exd5 5. cxd5 d6 6. g3 g6 7. Bg2 Bg7 8. Nf3 O-O 9. O-O a6 10.
a4 Nbd7 11. Bf4 Qc7 12. Qc2 Rb8 13. a5 Nh5 14. Bg5 b5 15. axb6 Rxb6 16. Ra2 Ne5 17. Nxe5 Bxe5 18. Nb1 Bg7 19.
Nd2 h6 20. Be3 f5 21. Nc4 Rb5 22. Bd2 g5 23. Bc3 Bxc3 24. bxc3 Nf6 25. Rd1 Qe7 26. Bh3 g4 27. Bg2 Nd7 28.
Qd2 Kg7 29. Qf4 Rf6 30. e4 Nb6 31. e5 dxe5 32. Nxe5 Qd6 33. Re2 a5 34. Qc1 a4 35. Nc6 c4 36. Re7+ Rf7 37. Na7 Qxe7 38.
Nxb5 Qc5 39. Qb2 Bd7 40. Na3 Re7 41. Qb4 Qxb4 42. cxb4 Re8 43. d6 Kf6 44. b5 Ke5 45. h3 Rd8 46.
hxg4 fxg4 47. Nc2 Bf5 48. Ne3 Be6 49. Bf1 Rxd6 50.
Rc1 Kd4 51. Be2 h5 52. Nd1 Kc5 53. Nc3 Rd4 54. Kf1 Kb4 55. Ke1 Bf5 56. Bd1 Ka3 57. Nxa4 Rxd1+ 58. Rxd1 Kxa4 59. Rd6 Kxb5 60.
Rh6 Be4 61. Rxh5+ Kb4 62. Rg5 Bf3 63. Kd2 Nd5 64. Rg8 Kb3 65. Rb8+ Nb4 66. Rc8 Bc6 67. Rb8 c3+ 68. Kc1 Kc4 69.
Rc8 Kd3 70. Rd8+ Bd5 71. Rc8 Na2+ 72. Kb1 Kd2 0-1

[Event "NK 2022"]
[Site "Groningen, Netherlands"]
[Date "2022.12.22"]
[Round "2.6"]
[White "Tiviakov, Sergei"]
[Black "Beerdsen, Thomas"]
[Result "1/2-1/2"]
[TimeControl "40/90; 30 minutes + increment 30 seconds from start"]
[WhiteTitle "GM"]
[BlackTitle "IM"]
[WhiteFideId "1008013"]
[BlackFideId "1030108"]
[WhiteElo "2562"]
[BlackElo "2521"]

1. e4 c5 2. Nc3 d6 3. Nge2 Nf6 4. g3 g6 5. d4 cxd4 6. Nxd4 Bg7 7. Bg2 O-O 8. O-O Nc6 9. Nxc6 bxc6 10.
e5 dxe5 11. Qxd8 Rxd8 12. Bxc6 Rb8 13. Rd1 Rxd1+ 14. Nxd1 Be6 15. c3 Rc8 16. Ba4 Nd7 17. Bb3 Bg4 18. Be3 a5 19. Bd5 Nf6 20.
Bg2 Rd8 21. f3 Be6 22. Bb6 Ra8 23. Bc5 Nd5 24. Nf2 Rc8 25. Ba3 f6 26. Re1 Bf7 27. Ne4 Bh6 28. Kf2 Rc7 29. Bf1 Kg7 30.
h4 Nb6 31. b3 Nd5 32. Bc4 Nxc3 33. Nxc3 Bxc4 34. bxc4 Bd2 35. Ne4 Bxe1+ 36. Kxe1 Rxc4 37. Bxe7 f5 38. Bf6+ Kg8 39. Nd2 Ra4 40.
Bxe5 Rxa2 41. Kd1 Ra3 42. Kc2 Re3 43. Nc4 Rxf3 44. Nxa5 h6 45. Kd2 g5 46. hxg5 hxg5 47. Ke2 Ra3 48.
Nc4 Ra4 49. Ne3 Re4 50. Bf6 f4 51. gxf4 gxf4 52. Kf3 Rxe3+ 53. Kxf4 Ra3 54. Be5 Kf7 55. Kf5 Ra5 56. Kf4 Ke6 57.
Bg7 Rf5+ 58. Kg4 Rf1 59. Bc3 Rc1 60. Bd2 Rc2 61. Bf4 Kf6 62. Bd6 Rd2 63. Bc7 Rd3 1/2-1/2

[Event "NK 2022"]
[Site "Groningen, Netherlands"]
[Date "2022.12.22"]
[Round "2.7"]
[White "Burg, Twan"]
[Black "Pruijssers, Roeland"]
[Result "0-1"]
[TimeControl "40/90; 30 minutes + increment 30 seconds from start"]
[WhiteTitle "GM"]
[BlackTitle "GM"]
[WhiteFideId "1010697"]
[BlackFideId "1013068"]
[WhiteElo "2522"]
[BlackElo "2538"]

1. e4 c5 2. Nf3 e6 3. d4 cxd4 4.
Nxd4 Nc6 5. Nc3 Nf6 6. Ndb5 d6 7. Bf4 e5 8. Bg5 a6 9. Na3 b5 10. Nd5 Be7 11. Bxf6 Bxf6 12. c4 b4 13.
Nc2 a5 14. g3 g6 15. h4 h5 16. Bh3 Bb7 17. Qd3 Bg7 18. Rd1 O-O 19. O-O Nb8 20. Nce3 Na6 21. Ng2 Nc5 22. Qb1 b3 23.
a3 Bh6 24. Rfe1 Ra7 25. Nge3 Ba6 26. Rd2 Kh8 27. Ree2 Rb7 28. Bg2 Qc8 29. Nc3 Rd8 30. Qd1 Qe6 31. Rd5 Qe7 32. Red2 Bxe3 33.
fxe3 Rbd7 34. Bh3 Rc7 35. Rxd6 Rxd6 36. Rxd6 Bxc4 37. Rd8+ Kg7 38. Rd6 Nb7 39. Rd2 Qc5 40. Qe1 Nd6 41.
Kf2 Qc6 42. Bg2 Be6 43. Nd5 Bxd5 44. exd5 Qc1 45. Qxc1 Rxc1 46. Ke2 e4 47. Bf1 Kf6 48. Kf2 Ke5 49. a4 Nf5 50. Be2 Rc2 51. Ke1 Nxg3 52. d6 Rxd2 53.
Kxd2 Kxd6 54. Bc4 f6 55. Bxb3 g5 56. Ke1 gxh4 57. Kf2 Kc5 58. Be6 Kb4 59. b3 Kc3 60. Ke1 h3 61. Bxh3 Kxb3 62.
Bd7 Kc3 63. Kf2 h4 64. Bg4 Kd2 65. Bd7 Nh1 66. Kg2 Kxe3 67. Kxh1 Kf2 0-1

[Event "NK 2022"]
[Site "Groningen, Netherlands"]
[Date "2022.12.22"]
[Round "2.8"]
[White "Ten Hertog, Hugo"]
[Black "Kevlishvili, Robby"]
[Result "0-1"]
[TimeControl "40/90; 30 minutes + increment 30 seconds from start"]
[WhiteTitle "GM"]
[BlackTitle "GM"]
[WhiteFideId "1026356"]
[BlackFideId "1040634"]
[WhiteElo "2531"]
[BlackElo "2530"]

1. e4 c5 2. Nf3 d6 3. d4 cxd4 4. Nxd4 Nf6 5. Nc3 a6 6. h3 e5 7. Nb3 Be7 8. g4 h6 9. Be3 Nbd7 10.
Qf3 b5 11. h4 b4 12. Ne2 d5 13. O-O-O dxe4 14. Qg2 Bb7 15. g5 Nd5 16. Ng3 Qc7 17. g6 Rc8 18. gxf7+ Kxf7 19. Rd2 Nf4 20.
Qh2 Nf6 21. Bh3 Nxh3 22. Qxh3 Rhd8 23. Rhd1 Rxd2 24. Rxd2 Bd5 25. h5 Be6 26. Qg2 Qc4 27. Kb1 Bg4 28. Qh1 Bf3 29. Qh2 Qe6 30.
Na5 Ng4 31. Qg1 Nxe3 32. fxe3 Rd8 33. Qf2 Rxd2 34. Qxd2 Kg8 35. b3 Kh7 36. Nc4 Qg4 37. Qh2 Bh4 38. Nf5 Be1 39. Ne7 Bc3 40.
Nd5 Qxh5 41. Qg1 Qg4 0-1

[Event "NK 2022"]
[Site "Groningen, Netherlands"]
[Date "2022.12.22"]
[Round "3.1"]
[White "Van Foreest, Lucas"]
[Black "Ernst, Sipke"]
[Result "1-0"]
[TimeControl "40/90; 30 minutes + increment 30 seconds from start"]
[WhiteTitle "GM"]
[BlackTitle "GM"]
[WhiteFideId "1039792"]
[BlackFideId "1004689"]
[WhiteElo "2577"]
[BlackElo "2512"]

1. d4 Nf6 2. Nf3 a6 3. Bf4 e6 4. Nbd2 b5 5. e4 Bb7 6. Bd3 d6 7. O-O Nbd7 8. a4 b4 9. c3 bxc3 10.
bxc3 Be7 11. Rb1 Ra7 12. Qc2 h6 13.
Nc4 O-O 14. Be3 d5 15. exd5 Bxd5 16. Nfe5 Qa8 17. f3 c5 18. Qf2 cxd4 19. Bxd4 Nxe5 20. Nxe5 Rc7 21. Rb6 a5 22. Rfb1 Nd7 23.
Nxd7 Rxd7 24. Qg3 f6 25. Qg6 Rfd8 26. Rb8 Qc6 27. Qh7+ Kf8 28. Bb5 Rxb8 29. Qh8+ Kf7 30. Qxb8 Qc7 31. Bxd7 Qxd7 32. Qb5 Bc6 33. Qxa5 e5 34. Bf2 e4 35. Qh5+ Kg8 36. fxe4 Bxe4 37. Re1 Qxa4 38. Qh4 1-0

[Event "NK 2022"]
[Site "Groningen, Netherlands"]
[Date "2022.12.22"]
[Round "4.1"]
[White "Ernst, Sipke"]
[Black "Van Foreest, Lucas"]
[Result "1/2-1/2"]
[TimeControl "40/90; 30 minutes + increment 30 seconds from start"]
[WhiteTitle "GM"]
[BlackTitle "GM"]
[WhiteFideId "1004689"]
[BlackFideId "1039792"]
[WhiteElo "2512"]
[BlackElo "2577"]

1. d4 Nf6 2. c4 e6 3. Nc3 Bb4 4. e3 O-O 5. Bd2 c5 6. a3 Bxc3 7. Bxc3 Ne4 8. Rc1 b6 9. Nf3 Ba6 10. Be2 Nxc3 11. Rxc3 cxd4 12. Nxd4 Nc6 13. Nxc6 dxc6 14. Qxd8 Rfxd8 15. c5 Bxe2 16. Kxe2 b5 17.
f3 a5 18. g4 Kf8 19. h4 Rd5 20. e4 Rd4 21. Rd1 Rad8 22. Rxd4 Rxd4 23. Rc1 Ke7 24. Ke3 Rd8 25. f4 h5 26.
g5 Rd7 27. Ra1 Rd8 28. Rf1 Ke8 29. Ra1 Ke7 30. Rf1 Ke8 1/2-1/2

[Event "NK 2022"]
[Site "Groningen, Netherlands"]
[Date "2022.12.23"]
[Round "5.1"]
[White "Reinderman, Dimitri"]
[Black "Warmerdam, Max"]
[Result "1/2-1/2"]
[TimeControl "40/90; 30 minutes + increment 30 seconds from start"]
[WhiteTitle "GM"]
[BlackTitle "GM"]
[WhiteFideId "1001302"]
[BlackFideId "1048104"]
[WhiteElo "2575"]
[BlackElo "2619"]

1. c4 e5 2. g3 c6 3. Nf3 e4 4.
Nd4 d5 5. cxd5 Qxd5 6. Nc2 Nf6 7. Bg2 Qh5 8. h3 Qg6 9. Ne3 Bd6 10. Nc3 O-O 11. b3 Re8 12. Bb2 Na6 13. a3 Nc7 14.
Qc2 Bd7 15. b4 b5 16. O-O a5 17. bxa5 Rxa5 18. Rfd1 b4 19. axb4 Rg5 20. Ra5 Ncd5 21. Ncxd5 Nxd5 22. Nxd5 cxd5 23.
Ra6 e3 24. Qxg6 exf2+ 25. Kxf2 Bxg3+ 26. Kf1 fxg6 27. Ra5 Be6 28. Bd4 Bh2 29. Ra3 Rb8 30. Bc5 Rf5+ 31. Rf3 Rxf3+ 32. exf3 Bf4 33.
Ke2 Bf5 34. Bf1 Ra8 35. Be3 Bg3 36. f4 Ra4 37. Kf3 Bh4 38. Bc5 Ra3+ 39. d3 Bf6 40. Ke3 Rb3 41. Bg2 Be6 42. Rd2 h5 43.
Ra2 Kh7 44. Kd2 Bf5 45. Bf1 Rb1 46. Bg2 Rb3 47. Bf1 Rb1 48. Bg2 1/2-1/2

[Event "NK 2022"]
[Site "Groningen, Netherlands"]
[Date "2022.12.23"]
[Round "5.2"]
[White "L'Ami, Erwin"]
[Black "Tiviakov, Sergei"]
[Result "1-0"]
[TimeControl "40/90; 30 minutes + increment 30 seconds from start"]
[WhiteTitle "GM"]
[BlackTitle "GM"]
[BlackFideId "1008013"]
[WhiteElo "2627"]
[BlackElo "2562"]

1. d4 Nf6 2. c4 e6 3. Nf3 b6 4. g3 Bb4+ 5. Bd2 Be7 6. Bg2 c6 7. Bc3 d5 8. Nbd2 Nbd7 9. O-O O-O 10.
b4 dxc4 11. Nxc4 Nd5 12. Qb3 Nxc3 13. Qxc3 Bb7 14. Nfe5 Rc8 15. Rfd1 Nf6 16. Qb3 Qc7 17. a4 Nd5 18. Nd3 a5 19.
bxa5 bxa5 20. Nxa5 Ba6 21. Nc4 c5 22. Nxc5 Bxc5 23. dxc5 Rb8 24. Nb6 Bxe2 25. Rdc1 Nxb6 26. cxb6 Qxb6 27.
Qxb6 Rxb6 28. a5 Rd6 29. Rc6 Rfd8 30. Rxd6 Rxd6 31. Bf1 Bxf1 32. Kxf1 Ra6 33. Ke2 Kf8 34. Kd3 Ke7 35. Kc4 Kd6 36.
Kb5 Ra8 37. a6 Rb8+ 38. Ka5 Ra8 39. Rb1 1-0

[Event "NK 2022"]
[Site "Groningen, Netherlands"]
[Date "2022.12.23"]
[Round "5.3"]
[White "Pruijssers, Roeland"]
[Black "Van Den Doel, Erik"]
[Result "1-0"]
[TimeControl "40/90; 30 minutes + increment 30 seconds from start"]
[WhiteTitle "GM"]
[BlackTitle "GM"]
[WhiteFideId "1013068"]
[WhiteElo "2538"]
[BlackElo "2582"]

1. e4 e5 2. Nf3 Nc6 3. Bc4 Bc5 4. O-O Nf6 5. d3 d6 6. c3 a6 7. a4 O-O 8. h3 Ba7 9. Re1 h6 10.
Nbd2 Ne7 11. d4 Nc6 12. dxe5 Nxe5 13. Nxe5 dxe5 14. Qe2 Re8 15. Nf1 Be6 16. Ng3 Qd7 17. Bxe6 Qxe6 18. Qc2 Rad8 19.
Be3 Bxe3 20. Rxe3 Rd7 21. Rd1 Red8 22. Red3 g6 23. Rxd7 Rxd7 24. Rxd7 Qxd7 25. Nf1 Kg7 26. Kh2 b5 27.
axb5 axb5 28. b4 c5 29. bxc5 Qc6 30. f3 Qxc5 31. Qd2 Nh5 32. g3 Nf6 33. Ne3 Nd7 34. Kg2 Nf6 35. h4 Qc6 36.
Kf2 h5 37. Ke2 Qa6 38. Qd3 Qa2+ 39. Qd2 Qa6 40. Ke1 Qa1+ 41. Nd1 Qa7 42. Ke2 Qa6 43. Kf2 Qc6 44. Ne3 Qb6 45. Qd1 Qc5 46.
Qd8 Qa3 47. Qc7 Qb2+ 48. Ke1 Qg2 49. Nxg2 1-0